 Dungeon Crawl Stone Soup version 0.29-a0-512-gf59ac788ac (webtiles) character file.

Game seed: 17156629577777745354

1211 Unglued128 the Ruffian (level 8, -3/62 HPs)
             Began as a Grey Draconian Transmuter on May 30, 2022.
             Was an Initiate of Ashenzari.
             Slain by a gnoll shaman
             ... wielding a +0 whip
              (11 damage)
             ... on level 6 of the Dungeon.
             The game lasted 00:40:38 (8567 turns).

Unglued128 the Ruffian (Grey Draconian Transmuter)  Turns: 8567, Time: 00:40:39

Health: -3/62      AC: 11    Str: 13    XL:     8   Next: 22%
Magic:  12/12      EV: 17    Int: 15    God:    Ashenzari [......]
Gold:   338        SH:  0    Dex: 12    Spells: 11/12 levels left

rFire   . . .      SeeInvis .     - Unarmed
rCold   . . .      Faith    .   (no shield)
rNeg    . . .      Spirit   .   (body armour unavailable)
rPois   .          Reflect  .   (helmet restricted)
rElec   .          Harm     .   (no cloak)
rCorr   .          Rampage  .   (no gloves)
Will    .....                   (no boots)
Stlth   ++........              (no amulet)
HPRegen 0.20/turn               v - ring "Share My Altruism" {EV+4, Elem, Evo} (curse)
MPRegen 0.13/turn               H - ring of flight

@: flying
A: AC +11, amphibious, unfitting armour, cold-blooded
a: Renounce Religion, Curse Item, Shatter the Chains


You were on level 6 of the Dungeon.
You worshipped Ashenzari.
Ashenzari was noncommittal.
You visited 2 branches of the dungeon, and saw 7 of its levels.
You also visited: Sewer.

You collected 338 gold pieces.

Inventory:

Hand Weapons
 p - a +1 dagger of protection
 r - a +0 whip of flaming
 s - a +2 mace of protection
 D - a +0 vorpal hand axe
Missiles
 f - 8 poisoned darts
 t - 4 curare-tipped darts
Magical Staves
 w - a staff of death
Jewellery
 m - an amulet of the acrobat
 o - the ring of the Pharaoh's Fist {rElec rPois Dex-2 Stlth+}
   (You found it on level 3 of the Dungeon)

   [ring of poison resistance]

   Dex:       It affects your dexterity (-2).
   rElec:     It insulates you from electricity.
   rPois:     It protects you from poison.
   Stlth:     It makes you more stealthy.
 v - the cursed ring "Share My Altruism" (left hand) {EV+4, Elem, Evo}
   (You found it on level 2 of the Dungeon)

   [ring of evasion]

   EV:        It affects your evasion (+4).
   It has a curse which improves the following skills: Elements: Fire Magic, Ice
   Magic, Air Magic and Earth Magic.
   Evocations: Evocations.
 H - a ring of flight (right hand)
Wands
 q - a wand of polymorph (8)
 y - a wand of digging (5)
Scrolls
 b - a scroll of identify
 d - 3 scrolls of fear
 g - a scroll of noise {unknown}
 i - 4 scrolls of blinking
 j - 4 scrolls of teleportation
 l - 2 scrolls of amnesia
 n - 2 scrolls of silence {unknown}
 u - 2 scrolls of fog
 x - a scroll of vulnerability {unknown}
 C - a scroll of summoning {unknown}
 G - a scroll of brand weapon {unknown}
Potions
 a - a potion of might {unknown}
 c - a potion of curing
 e - a potion of degeneration {unknown}
 h - 2 potions of heal wounds
 k - a potion of ambrosia {unknown}
 z - a potion of magic {unknown}
 A - a potion of haste {unknown}
 B - a potion of berserk rage {unknown}
 E - 2 potions of flight {unknown}
 F - a potion of brilliance {unknown}


   Skills:
 + Level 2.3 Fighting
 + Level 4.8 Dodging
 - Level 1.4 Stealth
 + Level 7.4 Unarmed Combat
 + Level 2.9 Spellcasting
 * Level 4.0 Transmutations


You had 11 spell levels left.
You knew the following spells:

 Your Spells              Type           Power      Damage    Failure   Level
a - Beastly Appendage     Tmut           28%        N/A       4%          1

Your spell library contained the following spells:

 Spells                   Type           Power      Damage    Failure   Level
 Wereblood                Tmut           14%        N/A       6%          2
 Passwall                 Tmut/Erth      6%         N/A       14%         2
 Apportation              Tloc           4%         N/A       21%         1
 Necrotize                Necr           8%         1d4       21%         1
 Sandblast                Erth           4%         2d4       21%         1
 Summon Small Mammal      Summ           8%         N/A       21%         1
 Spider Form              Tmut/Pois      8%         N/A       26%         3
 Ozocubu's Armour         Ice            2%         N/A       52%         3
 Stone Arrow              Conj/Erth      4%         3d7       52%         3
 Ice Form                 Ice/Tmut       8%         N/A       65%         4
 Metabolic Englaciation   Hex/Ice        1%         N/A       99%         5
 Simulacrum               Ice/Necr       1%         N/A       100%        6


Dungeon Overview and Level Annotations

Branches:
Dungeon (6/15)             Temple (1/1) D:4           Sewer (visited)

Altars:
Ashenzari
Cheibriados
Dithmenos
Elyvilon
Fedhas
Gozag
Hepliaklqana
Kikubaaqudgha
Makhleb
Nemelex Xobeh
Okawaru
Qazlal
Ru
Sif Muna
Trog
Uskayaw
Xom
Yredelemnul
Zin
The Shining One


Innate Abilities, Weirdness & Mutations

Your dull iron-grey scales are very hard. (AC +11)
You are amphibious.
You cannot fit into any form of body armour.
You are cold-blooded and may be slowed by cold attacks.


Message History

You hit the gnoll shaman but do no damage.
Your tail-slap misses the gnoll shaman.
The gnoll shaman is moderately wounded.
Something hits you but does no damage. Something bites you!
Something draws strength from your injuries!
The gnoll shaman misses you.
You feel much better.
The gnoll shaman hits you with a +0 whip.
Something hits you but does no damage. Something bites you but does no damage.
You miss something. Something completely misses you. Something bites you!
Something draws strength from your injuries!
The gnoll shaman closely misses you.
You barely miss something.
The gnoll shaman hits you with a +0 whip.
Something hits you! Something barely misses you.
You closely miss something.
Your tail-slap misses something.
You punch something. The gnoll shaman barely misses you.
Something hits you but does no damage. Something bites you!
* * * LOW HITPOINT WARNING * * *
Something draws strength from your injuries!
You feel much better.
The gnoll shaman calls upon its god to speed up the gnoll.
The gnoll seems to speed up.
Something barely misses you. Something bites you but does no damage.
You barely miss something.
The gnoll shaman hits you with a +0 whip.
Something hits you. Something bites you.
Something draws strength from your injuries!
You hit something but do no damage. The gnoll shaman misses you.
Something barely misses you. Something bites you.
Something draws strength from your injuries!
You closely miss something. You hit something. Something hits you.
Something bites you.
* * * LOW HITPOINT WARNING * * *
Something draws strength from your injuries!
The gnoll shaman hits you with a +0 whip!
* * * LOW HITPOINT WARNING * * *
You barely miss something.
The gnoll shaman hits you with a +0 whip!
You die...

.........†.....#
...............#
...............#
...............#
...............#
...............###
#####............##
#....#.....#..#
#...###..@###.#
##...#..#{g#..#
#.....###ggg##
##...## ##.## #....
#...# #...# #..#..#
#..# .g.###.# ..#..
..# ....##. .##


You could see a gnoll shaman and 3 gnolls.

Vanquished Creatures
  An ice beast (D:6)
  An ogre (D:5)
  A phantom (D:4)
  A necrophage (D:5)
  A bullfrog (Sewer)
  A gnoll sergeant (D:5)
  3 scorpions
  7 hounds
  An orc priest (D:3)
  4 orc wizards
  Robin (D:2)
  9 adders
  A shadow imp (D:5)
  A worm (D:3)
  A dart slug (D:3)
  12 orcs
  15 endoplasms
  12 giant cockroaches
  13 goblins
  13 hobgoblins
  6 jackals
  7 kobolds
  8 quokkas
  19 ball pythons
  2 bats (D:2)
  8 frilled lizards
  5 rats
154 creatures vanquished.

Notes
Turn   | Place    | Note
-------+----------+-------------------------------------------
     0 | D:1      | Unglued128 the Draconian Transmuter began the quest for the
                  | Orb.
     0 | D:1      | Reached XP level 1. HP: 16/16 MP: 3/3
   436 | D:1      | Reached XP level 2. HP: 23/23 MP: 3/5
  1246 | D:2      | Reached XP level 3. HP: 28/28 MP: 6/6
  1269 | D:2      | You fall into a shaft and drop 2 floors!
  1283 | D:4      | Found a glowing drain.
  1323 | Sewer    | Entered a sewer
  1850 | Sewer    | Reached skill level 4 in Unarmed Combat
  1952 | Sewer    | Reached XP level 4. HP: 35/35 MP: 7/7
  2391 | Sewer    | Noticed a bullfrog
  2400 | Sewer    | Killed a bullfrog
  2401 | Sewer    | Reached XP level 5. HP: 25/40 MP: 8/8
  2574 | D:3      | Identified the ring of the Pharaoh's Fist {rElec rPois
                  | Dex-2 Stlth+}
  2753 | D:2      | Noticed Robin
  2796 | D:2      | Killed Robin
  3098 | D:2      | Found an ancient bone altar of Kikubaaqudgha.
  3453 | D:2      | Reached skill level 5 in Unarmed Combat
  4613 | D:3      | Reached skill level 1 in Stealth
  4613 | D:3      | Reached XP level 6. HP: 26/47 MP: 9/9
  4642 | D:3      | HP: 1/47 [orc/+0 falchion (6)]
  4947 | D:3      | Found an iron altar of Okawaru.
  5194 | D:3      | Found a broken altar of Ashenzari.
  5212 | D:3      | Became a worshipper of Ashenzari the Shackled
  6247 | D:4      | Reached skill level 6 in Unarmed Combat
  6696 | D:4      | Your scales start taking on a dull iron-grey colour.
  6696 | D:4      | Reached XP level 7. HP: 53/53 MP: 8/10
  6776 | D:4      | Found a staircase to the Ecumenical Temple.
  6804 | Temple   | Entered the Ecumenical Temple
  7294 | D:5      | Entered Level 5 of the Dungeon
  8151 | D:5      | Reached skill level 7 in Unarmed Combat
  8151 | D:5      | Reached XP level 8. HP: 61/61 MP: 12/12
  8201 | D:5      | Found a shimmering altar of Xom.
  8402 | D:6      | Found a stormy altar of Qazlal.
  8567 | D:6      | Slain by a gnoll shaman

Illustrated notes

Levels and vault maps discovered:
D:1:      lemuel_arrival_rhombus, layout_rooms
D:2:      layout_basic, basic_altar, uniq_robin
D:3:      layout_basic, mainiacjoe_overflow_cross_hatched,
          evilmike_ruin_ashenzari
D:4:      layout_cave_pools, minmay_temple_entry_drinking_statues,
          portal_sewer_entry_d, st_stairs_13
D:5:      layout_basic, xom_teletrap_fun, st_stairs_1
D:6:      layout_basic, lemuel_crystal_altar, serial_glass, glass_columns_b,
          glass_columns_b, minmay_strange_pillars, feat_on_display,
          minmay_strange_pillars, due_unseen_surprise
Temple:   eino_temple_rhombus

Skill      XL: |  1  2  3  4  5  6  7  8 |
---------------+-------------------------+-----
Dodging        | 2 3 4 |  4.8
Unarmed Combat | 4 5 6 7 |  7.4
Stealth        | 1 |  1.4
Fighting       | 2 |  2.3
Transmutations | 3 4 |  4.0
Spellcasting   | |  2.9

Action                   |  1- 3 |  4- 6 |  7- 9 || total
-------------------------+-------+-------+-------++-------
Melee: Unarmed           |   138 |   384 |   182 ||   704
       Tailslap          |    16 |    40 |    21 ||    77
       Kick              |     4 |    20 |     8 ||    32
       Punch             |     2 |    11 |     8 ||    21
       Headbutt          |       |     6 |     6 ||    12
Throw: Dart              |       |     1 |     6 ||     7
 Cast: Beastly Appendage |     2 |     9 |     6 ||    17
Invok: Curse Item        |       |       |     1 ||     1
  Use: Scroll            |     1 |       |     6 ||     7
       Potion            |       |     4 |     2 ||     6
 Stab: Sleeping          |       |     4 |       ||     4
Armor: Skin              |    52 |   122 |    54 ||   228
Dodge: Dodged            |   104 |   310 |   153 ||   567

Table legend: (Time is in decaauts)
 A = Elapsed time spent in this place.
 B = Non-inter-level travel time spent in this place.
 C = Inter-level travel time spent in this place.
 D = Time resting spent in this place.
 E = Time spent auto-exploring this place.
 F = Levels seen in this place.
 G = Mean time per level.
                   A        B        C        D        E       F      G
               +--------+--------+--------+--------+--------+-----+--------+
         Total |   8588 |   8338 |    250 |   3616 |   2724 |   8 | 1073.5 |
       Dungeon |   7106 |   6871 |    235 |   2774 |   2557 |   6 | 1184.3 |
        Temple |    195 |    180 |     15 |      0 |    167 |   1 |  195.0 |
         Sewer |   1285 |   1285 |      0 |    841 |      0 |   1 | 1285.0 |
               +--------+--------+--------+--------+--------+-----+--------+

Top non-repeatable levels by time:
     D:3: 2332 daAuts
     D:2: 1767 daAuts
   Sewer: 1285 daAuts
     D:5: 1093 daAuts
     D:1: 956 daAuts
     D:4: 796 daAuts
  Temple: 195 daAuts
     D:6: 160 daAuts
